 Dungeon Crawl Stone Soup version 0.30-a0-1074-g5db6f66fbb (webtiles) character file.

Game seed: 8757095316295932261

58 jimonade the Magician (level 4, -3/31 HPs)
             Began as a Djinni Ice Elementalist on Apr 14, 2023.
             Killed by divine providence
             ... invoked by an orc priest
              (10 damage)
             ... on level 2 of the Dungeon.
             The game lasted 00:03:06 (1245 turns).

jimonade the Magician (Djinni Ice Elementalist)     Turns: 1245, Time: 00:03:06

Health: -3/31      AC:  6    Str:  9    XL:     4   Next: 21%
Gold:   126        EV: 10    Int: 16    God:
                   SH:  0    Dex: 14

rFire   + + .      SeeInvis .    a - +1 dagger (speed)
rCold   x . .      Faith    .    (no shield)
rNeg    . . .      Spirit   .    j - +0 ring mail
rPois   ∞          Reflect  .    (no helmet)
rElec   .          Rampage  .    h - +0 cloak
rCorr   .                        (no gloves)
Will    .....                    (boots unavailable)
Stlth   +                        (no amulet)
HPRegen 0.25/turn                (no ring)
MPRegen 0.00/turn                (no ring)

@: flying, very slightly contaminated
A: sickness immunity, fire resistance 2, cold vulnerability 1, float, innate
caster, HP casting, extra vitality 1
a: no special abilities


You were on level 2 of the Dungeon.
You visited 1 branch of the dungeon, and saw 2 of its levels.

You collected 126 gold pieces.

Inventory:

Hand Weapons
 a - a +1 dagger of speed (weapon)
Armour
 b - a +0 robe
 d - a +0 leather armour
 h - a +0 cloak (worn)
 j - a +0 ring mail (worn)
Magical Staves
 g - a staff of fire
Scrolls
 k - a scroll of identify {unknown}
 l - a scroll of noise {unknown}
Potions
 c - 4 potions of curing {unknown}
 e - a potion of attraction {unknown}
 f - a potion of invisibility {unknown}
 i - a potion of heal wounds {unknown}


   Skills:
 + Level 0.1 Fighting
 - Level 2.1 Dodging
 - Level 1.5 Stealth
 + Level 4.3 Spellcasting


You knew the following spells:

 Your Spells              Type           Power      Damage    Failure   Level
a - Freeze                Ice            68%        1d8       8%          1
b - Frozen Ramparts       Ice            34%        1d6       22%         3
c - Ozocubu's Armour      Ice            17%        N/A       22%         3
d - Summon Ice Beast      Ice/Summ       17%        N/A       58%         4
e - Necrotise             Necr           68%        1d7       8%          1
Your spell library was empty.

Dungeon Overview and Level Annotations

Branches:
Dungeon (2/15)

Altars:

Shops:
D:1 [


Innate Abilities, Weirdness & Mutations

You are immune to sickness and miasma.
You are immune to poison.
Your flesh is very heat resistant. (rF++)
You are vulnerable to cold. (rC-)
You float through the air rather than walking.
You learn spells naturally, not from books.
Your magical power is your life essence.
You have superior vitality. (+4 MHP)


Message History

The orc priest begins to cast a cantrip, but forgets the words!
Things that are here:
a +0 mace; an orc corpse You are too injured to fight recklessly!
You are too injured to fight recklessly!
Unknown command.
You are too injured to fight recklessly!
You are too injured to fight recklessly!
Aiming: Freeze (safe; 8% risk of failure)
Press: ? - help, Q - select action, (/) - cycle Shift-Dir - straight line, f - orc
Aim: an orc, wielding a +3 trident You freeze the orc.
You kill the orc!
Aiming: Freeze (safe; 8% risk of failure)
Press: ? - help, Q - select action, (/) - cycle Shift-Dir - straight line, f - orc priest
Aim: an orc priest, wielding a +0 mace You freeze the orc priest.
The orc priest is lightly wounded.
The orc priest barely misses you.
Aiming: Freeze (safe; 8% risk of failure)
Press: ? - help, Q - select action, (/) - cycle Shift-Dir - straight line, f/p - orc priest
Aim: an orc priest, wielding a +0 mace (lightly wounded)
You freeze the orc priest.
The orc priest is moderately wounded.
The orc priest hits you but does no damage.
Aiming: Freeze (safe; 8% risk of failure)
Press: ? - help, Q - select action, (/) - cycle Shift-Dir - straight line, f/p - orc priest
Aim: an orc priest, wielding a +0 mace (moderately wounded)
You freeze the orc priest!
The orc priest is almost dead.
The orc priest hits you with a +0 mace.
* * * LOW HITPOINT WARNING * * *
Aiming: Freeze (safe; 8% risk of failure)
Press: ? - help, Q - select action, (/) - cycle Shift-Dir - straight line, f/p - orc priest
Aim: an orc priest, wielding a +0 mace (almost dead)
You miscast Freeze.
Nothing appears to happen.
* * * LOW HITPOINT WARNING * * *
The orc priest mumbles some strange prayers to Beogh against you.
Beogh smites you!
You die...

#.#.#####.#
#.# #.# ..#
#.# ##.#
#.#
#.#####.#
#.......#
.....##.#
#### #.#
#@# #o# #S#
#o# ..# ###


You could see an orc priest, an orc and a ball python.

Vanquished Creatures
  Jessica (D:2)
  2 orcs (D:2)
  5 bats
  7 endoplasms
  2 goblins
  A hobgoblin (D:1)
  A quokka (D:2)
  4 ball pythons
  2 frilled lizards
  2 kobolds (D:1)
  A rat (D:1)
28 creatures vanquished.

Notes
Turn   | Place    | Note
-------+----------+-------------------------------------------
     0 | D:1      | jimonade the Djinni Ice Elementalist began the quest for
                  | the Orb.
     0 | D:1      | jimonade set off with the following spells memorised:
                  | Freeze, Frozen Ramparts, Ozocubu's Armour, Summon Ice
                  | Beast.
     0 | D:1      | Reached XP level 1. HP: 15/15 MP: 0/0
   220 | D:1      | Reached XP level 2. HP: 20/21 MP: 0/0
   255 | D:1      | Found Oxtidag's Antique Armour Emporium.
   964 | D:2      | Reached XP level 3. HP: 24/25 MP: 0/0
   964 | D:2      | Learned a level 1 spell: Necrotise
  1127 | D:2      | Noticed Jessica
  1133 | D:2      | Killed Jessica
  1134 | D:2      | Reached skill level 4 in Spellcasting
  1134 | D:2      | Reached XP level 4. HP: 29/31 MP: 0/0
  1245 | D:2      | Killed from afar by an orc priest

Illustrated notes

Levels and vault maps discovered:
D:1:      tekkud_arrival_beachfront_property, layout_basic, serial_shops, shop,
          minmay_tromino_v7
D:2:      layout_loops_ring, basic_altar, uniq_jessica

Skill      XL: |  1  2  3 |
---------------+----------+-----
Spellcasting   | 4 |  4.3
Fighting       | |  0.1
Dodging        | |  2.1
Stealth        | |  1.5

Action                     |  1- 3 |  4- 6 || total
---------------------------+-------+-------++-------
  Melee: Dagger            |    19 |     3 ||    22
   Cast: Freeze            |    21 |    13 ||    34
    Use: Scroll            |     2 |       ||     2
   Stab: Sleeping          |     4 |       ||     4
 Armour: Robe              |     4 |       ||     4
         Ring mail         |     1 |     4 ||     5
  Dodge: Dodged            |    20 |    12 ||    32

Table legend: (Time is in decaauts)
 A = Elapsed time spent in this place.
 B = Non-inter-level travel time spent in this place.
 C = Inter-level travel time spent in this place.
 D = Time resting spent in this place.
 E = Time spent auto-exploring this place.
 F = Levels seen in this place.
 G = Mean time per level.
                   A        B        C        D        E       F      G
               +--------+--------+--------+--------+--------+-----+--------+
         Total |   1237 |   1207 |     30 |      0 |    871 |   2 |  618.5 |
       Dungeon |   1237 |   1207 |     30 |      0 |    871 |   2 |  618.5 |
               +--------+--------+--------+--------+--------+-----+--------+

Top non-repeatable levels by time:
     D:1: 974 daAuts
     D:2: 263 daAuts
